 Dungeon Sprint DCSS version 0.19-a0-1676-g39ae8cc (webtiles) character file.

8873 George the Warrior (level 11, -9/114 HPs)
             Began as a Minotaur Berserker on Sept 23, 2016.
             Was the Champion of Trog.
             Mangled by an ettin
             ... wielding a +0 dire flail
              (48 damage)
             ... in the Dungeon (Sprint IX: "|||||||||||||||||||||||||||||").
             The game lasted 00:04:18 (1788 turns).

George the Warrior (Minotaur Berserker)             Turns: 1788, Time: 00:04:18

Health: -9/114     AC: 16    Str: 25    XL:     11   Next: 15%
Magic:  3/3        EV: 17    Int:  7    God:    Trog [******]
Gold:   1282       SH:  0    Dex: 13    Spells: 0 memorised, 10 levels left

rFire  . . .     SeeInvis .     p - +6 triple sword (antimagic)
rCold  . . .     Gourm    .     a - +1 chain mail
rNeg   . . .     Faith    .     (shield currently unavailable)
rPois  .         Spirit   .     (helmet restricted)
rElec  .         Dismiss  .     v - +0 cloak
rCorr  .         Reflect  .     (no gloves)
MR     ++...     Harm     .     (no boots)
Stlth  .......... NoTele   +    (no amulet)
                                o - +3 ring of intelligence
                                b - +3 ring of strength

@: regenerating, slowed, very slow
A: retaliatory headbutt, horns 2
a: Berserk, Trog's Hand, Brothers in Arms, Burn Spellbooks, Renounce Religion


You were in the Dungeon.
You worshipped Trog.
Trog was exalted by your worship.
You were hungry.

You visited 1 branch You collected 1282 gold pieces.

Inventory:

Hand Weapons
 p - a +6 antimagic triple sword (weapon)
 w - a +7 antimagic rapier
Armour
 a - a +1 chain mail (worn)
 v - a +0 cloak (worn)
Jewellery
 b - a +3 ring of strength (left hand)
 o - a +3 ring of intelligence (right hand)
Wands
 m - a wand of lightning (7/15)
Scrolls
 i - 4 scrolls of blinking
 l - 3 scrolls of remove curse
 q - 2 scrolls of enchant armour
 r - a scroll of fear
 s - 2 scrolls of enchant weapon
Potions
 d - 6 potions of curing
 e - 7 potions of heal wounds
 f - a potion of haste
 g - 4 potions of magic
 h - a potion of berserk rage
 k - a potion of invisibility
 n - 2 potions of cure mutation
Comestibles
 c - 13 bread rations
 j - 4 chunks of flesh
 t - 40 fruits
 u - 12 meat rations


   Skills:
 + Level 16.0 Fighting
 + Level 15.9 Long Blades
 + Level 15.8 Armour
 + Level 14.7 Dodging


You had 10 spell levels left.
You didn't know any spells.

Dungeon Overview and Level Annotations

Branches:
Dungeon (1/1)

Altars:
Cheibriados
Dithmenos
Elyvilon
Fedhas
Gozag
Hepliaklqana
Kikubaaqudgha
Makhleb
Nemelex Xobeh
Okawaru
Qazlal
Ru
Sif Muna
Trog
Uskayaw
Vehumet
Xom
Yredelemnul
Zin
The Shining One
Beogh
Jiyva
Lugonu

Shops:
D *


Innate Abilities, Weirdness & Mutations

You reflexively headbutt those who attack you in melee.
You have a pair of horns on your head.


Message History

You slice the troll!! You headbutt the troll!
You kill the troll!
Trog accepts your kill. Something appears at your feet! Trog grants you a gift!
Your Fighting skill increases to level 16!
The ettin hits you with a dire flail! The ettin misses you.
You slice the ettin!!
The ettin is moderately wounded.
The ettin hits you with a dire flail.
The ettin hits you with a great mace of protection!
You hit the ettin.
The ettin is moderately wounded.
The ettin hits you with a dire flail!! The ettin barely misses you.
The ettin closely misses you. The ettin barely misses you.
Your skin crawls.
You feel resistant to hostile enchantments.
You feel somewhat more hungry. The ettin hits you with a dire flail!
The ettin hits you with a great mace of protection!!!
You die...

....)).[[[)|?.'._________________
▓▓▓▓▓▓▓▓▓▓▓▓▓▓▓▓▓▓▓▓▓▓▓▓▓▓▓▓▓▓▓▓▓
.................................
▓▓▓▓▓▓▓▓▓▓▓▓▓▓▓▓▓▓▓▓▓▓▓▓▓▓▓▓▓▓▓▓▓
.'?([.......).'..÷.)...÷÷........
▓▓▓▓▓▓▓▓▓▓▓▓▓▓▓▓▓▓▓▓▓▓▓▓▓▓▓▓▓▓▓▓▓
.................................
▓▓▓▓▓▓▓▓▓▓▓▓▓▓▓▓▓▓▓▓▓▓▓▓▓▓▓▓▓▓▓▓▓
∩$CCCCC@.....).)))))(...
▓▓▓▓▓▓▓▓▓▓▓▓▓▓▓▓▓▓▓▓▓▓▓▓


You could see an ettin and 4 hill giants.

Vanquished Creatures
  A death knight (D)
  An ogre mage (D)
  An orc sorcerer (D)
  Joseph (D)
  8 elephants (D)
  A spiny frog (D)
  A rime drake (D)
  A troll (D)
  A blink frog (D)
  A hippogriff (D)
  A wyvern (D)
  A yak (D)
  A basilisk (D)
  7 water moccasins (D)
  12 orc warriors (D)
  2 ogres (D)
  2 crocodiles (D)
  3 bullfrogs (D)
  A killer bee (D)
  A crimson imp (D)
  An orc priest (D)
  5 orc wizards (D)
  2 iguanas (D)
  A worker ant (D)
  2 river rats (D)
  A worm (D)
  10 orcs (D)
  3 bats (D)
  A goblin (D)
  A jackal (D)
  A rat (D)
76 creatures vanquished.

Notes
Turn   | Place    | Note
-------+----------+-------------------------------------------
     0 | D        | George the Minotaur Berserker began the quest for the Orb.
     0 | D        | Reached XP level 1. HP: 19/19 MP: 0/0
     9 | D        | Reached ** piety under Trog
    10 | D        | Reached skill level 4 in Fighting
    34 | D        | Noticed an ogre
    34 | D        | Noticed a worker ant
    34 | D        | Noticed an ogre
    38 | D        | Killed an ogre
    38 | D        | Reached skill level 6 in Fighting
    38 | D        | Reached skill level 5 in Armour
    38 | D        | Reached skill level 5 in Dodging
    38 | D        | Reached XP level 2. HP: 30/30 MP: 1/1
    38 | D        | Reached XP level 3. HP: 37/37 MP: 2/2
    38 | D        | Reached XP level 4. HP: 44/44 MP: 3/3
    40 | D        | Reached *** piety under Trog
    45 | D        | Killed an ogre
    45 | D        | Reached skill level 7 in Fighting
    45 | D        | Reached XP level 5. HP: 50/53 MP: 4/4
   150 | D        | Found a roughly hewn altar of Beogh.
   150 | D        | Found a snail-covered altar of Cheibriados.
   150 | D        | Found a shadowy altar of Dithmenos.
   150 | D        | Found a white marble altar of Elyvilon.
   150 | D        | Found a blossoming altar of Fedhas.
   150 | D        | Found an opulent altar of Gozag.
   151 | D        | Found a hazy altar of Hepliaklqana.
   152 | D        | Found a viscous altar of Jiyva.
   153 | D        | Found an ancient bone altar of Kikubaaqudgha.
   154 | D        | Found a corrupted altar of Lugonu.
   155 | D        | Found a burning altar of Makhleb.
   156 | D        | Found a sparkling altar of Nemelex Xobeh.
   157 | D        | Found an iron altar of Okawaru.
   158 | D        | Found a stormy altar of Qazlal.
   159 | D        | Found a sacrificial altar of Ru.
   160 | D        | Found a deep blue altar of Sif Muna.
   161 | D        | Found a bloodstained altar of Trog.
   162 | D        | Found a hide-covered altar of Uskayaw.
   163 | D        | Found a radiant altar of Vehumet.
   164 | D        | Found a shimmering altar of Xom.
   165 | D        | Found a basalt altar of Yredelemnul.
   166 | D        | Found a glowing silver altar of Zin.
   167 | D        | Found a glowing golden altar of the Shining One.
   209 | D        | Noticed a wyvern
   209 | D        | Noticed a yak
   214 | D        | Killed a yak
   214 | D        | Reached **** piety under Trog
   214 | D        | Reached skill level 8 in Fighting
   214 | D        | Reached XP level 6. HP: 44/62 MP: 5/5
   218 | D        | Reached skill level 9 in Fighting
   222 | D        | Reached ***** piety under Trog
   226 | D        | Killed a wyvern
   226 | D        | Reached XP level 7. HP: 34/71 MP: 6/6
   229 | D        | Received a gift from Trog
   408 | D        | Noticed a death knight
   408 | D        | Noticed a hippogriff
   412 | D        | Killed a hippogriff
   412 | D        | Reached skill level 10 in Fighting
   412 | D        | Reached skill level 10 in Long Blades
   412 | D        | Reached skill level 10 in Armour
   420 | D        | Killed a death knight
   420 | D        | Reached skill level 11 in Fighting
   420 | D        | Reached skill level 10 in Dodging
   420 | D        | Reached XP level 8. HP: 76/83 MP: 2/7
   569 | D        | Noticed a spiny frog
   572 | D        | Reached skill level 12 in Fighting
   573 | D        | Noticed a blink frog
   574 | D        | Noticed a rime drake
   577 | D        | Received a gift from Trog
   577 | D        | Killed a spiny frog
   577 | D        | Reached XP level 9. HP: 80/91 MP: 2/8
   585 | D        | Killed a rime drake
   586 | D        | Reached skill level 13 in Fighting
   851 | D        | Reached ****** piety under Trog
   856 | D        | Received a gift from Trog
   877 | D        | Received a gift from Trog
  1105 | D        | Noticed an elephant
  1105 | D        | Noticed an elephant
  1105 | D        | Noticed an elephant
  1105 | D        | Noticed an elephant
  1105 | D        | Noticed an elephant
  1105 | D        | Noticed an elephant
  1112 | D        | Killed an elephant
  1115 | D        | Killed an elephant
  1115 | D        | Reached skill level 14 in Fighting
  1115 | D        | Reached XP level 10. HP: 78/103 MP: 3/9
  1116 | D        | Noticed an elephant
  1117 | D        | Killed an elephant
  1120 | D        | Killed an elephant
  1122 | D        | Killed an elephant
  1126 | D        | Killed an elephant
  1130 | D        | Killed an elephant
  1142 | D        | Noticed an elephant
  1150 | D        | Killed an elephant
  1150 | D        | Received a gift from Trog
  1150 | D        | Reached skill level 15 in Fighting
  1350 | D        | Noticed Joseph
  1358 | D        | Killed Joseph
  1358 | D        | Reached skill level 15 in Long Blades
  1358 | D        | Reached skill level 15 in Armour
  1543 | D        | Noticed an orc sorcerer
  1547 | D        | Killed an orc sorcerer
  1547 | D        | Received a gift from Trog
  1568 | D        | Reached XP level 11. HP: 67/114 MP: 3/10
  1570 | D        | Received a gift from Trog
  1776 | D        | Found Vaeck's General Store.
  1776 | D        | Noticed a hill giant
  1776 | D        | Noticed a hill giant
  1776 | D        | Noticed an ettin
  1776 | D        | Noticed an ogre mage
  1777 | D        | Noticed a hill giant
  1780 | D        | Noticed a hill giant
  1784 | D        | Killed an ogre mage
  1785 | D        | Received a gift from Trog
  1785 | D        | Reached skill level 16 in Fighting
  1788 | D        | Mangled by an ettin

Vault maps used:
D:        linesprint

Skill      XL: |  1  2  3  4  5  6  7  8  9 10 11 |
---------------+----------------------------------+-----
Armour         | 5 7 8 9 11 12 13 15 | 15.8
Fighting       | 6 7 8 9 11 12 14 15 16 | 16.0
Long Blades    | 6 7 8 9 11 12 14 15 | 15.9
Dodging        | 5 6 7 8 10 11 12 14 | 14.7

Action                   |  1- 3 |  4- 6 |  7- 9 | 10-12 || total
-------------------------+-------+-------+-------+-------++-------
Melee: Falchion          |    15 |     7 |       |       ||    22
       Headbutt          |     2 |     4 |    12 |    26 ||    44
       Scimitar          |       |    19 |     3 |       ||    22
       Triple sword      |       |       |    74 |    95 ||   169
Invok: Berserk           |     1 |       |     1 |       ||     2
       Trog's Hand       |       |       |     1 |     1 ||     2
  Eat: Chunk             |       |       |     2 |     3 ||     5
Armor: Chain mail        |       |     8 |    27 |    22 ||    57
Dodge: Dodged            |     6 |    10 |    30 |    63 ||   109
